AoeStats
← Tony_nwa TTV

Nomad

508989757Analyzed
4v4 RM · 7d ago on Sep 25, 2026· 39m 2s· 8 players
Game mode
Random Map
Map size
231×231
Population
200
Speed
Normal
Resources
Standard
Victory
Conquest
Starting age
Dark Age
Ending age
Imperial Age
RankedLock teamsTeams togetherTeam positionsShared explorationLock speedFull tech treeHidden civsTurbo modeCheats
Victory
Defeat
🇮🇳 Franks · India
1055
+37
🇧🇷 Bulgarians · Brazil
964
+16
🇧🇷 Burgundians · Brazil
915
+18
🇦🇷 Spanish · Argentina
895
+18
🇨🇱 Vietnamese · Chile
1029
-19
🇲🇽 Magyars · Mexico
965
-16
🇮🇳 Franks · India
935
-15
🇺🇸 Goths · United States
902
-14
Tony_nwa TTV
14:07 Feudal Age
21:36 Wheelbarrow
21:44 Scale Barding Armor
22:35 Bloodlines
23:47 Loom
28:43 Castle Age
26:51 Stone Mining
33:01 Husbandry
33:25 Chain Barding Armor
SpicyBoi
13:44 Feudal Age
12:51 Loom
16:28 Man-at-Arms
22:25 Horse Collar
23:11 Double-Bit Axe
26:19 Wheelbarrow
32:05 Forging
35:12 Castle Age
33:36 Scale Mail Armor
35:18 Long Swordsman
35:59 Squires
35:25 Pikeman
36:20 Heavy Plow
36:32 Bow Saw
36:18 Gold Mining
37:13 Iron Casting
37:47 Stone Mining
39:13 Chain Mail Armor
Dwight K. Schrute
dushyanthkuthati
4:19 Loom
18:15 Feudal Age
19:37 Wheelbarrow
21:37 Double-Bit Axe
25:21 Castle Age
24:44 Scale Barding Armor
24:49 Forging
24:44 Scale Barding Armor
24:49 Forging
26:24 Medium Warships
38:26 Hand Cart
41:57 Imperial Age
Z
4:14 Loom
18:24 Feudal Age
24:33 Castle Age
Mineirinha
7:46 Loom
17:27 Feudal Age
16:59 Double-Bit Axe
20:29 Forging
20:26 Scale Barding Armor
21:59 Fletching
22:46 Padded Archer Armor
29:09 Scale Mail Armor
33:13 Castle Age
34:20 Pikeman
34:49 Cavalier
36:21 Gold Mining
37:08 Husbandry
zeos0708
16:00 Feudal Age
16:29 Double-Bit Axe
16:30 Town Watch
18:55 Loom
23:36 Castle Age
21:29 Fletching
21:44 Gold Mining
27:10 Bow Saw
31:45 Padded Archer Armor
40:06 Imperial Age
38:26 Wheelbarrow
38:25 Horse Collar
Peekaboom
14:07 Feudal Age
15:20 Double-Bit Axe
20:34 Castle Age
22:58 Bow Saw
23:01 Light Cavalry
31:13 Imperial Age
28:42 Murder Holes
29:15 Husbandry
30:13 Stone Mining
30:13 Gold Mining
31:43 Ballistics
31:17 Fletching
34:46 Cavalier
35:36 Scale Barding Armor
35:42 Forging
35:28 Bodkin Arrow
37:27 Chemistry
Connection lost

Rejoining the realm…

Still unreachable

The connection could not be restored.

Session expired

The server has moved on; the page needs a fresh start.